 Dungeon Crawl Stone Soup version 0.24.0-13-gcf9b319 (webtiles) character file.

Game seed: 8299997101443853780, levelgen mode: deterministic

54 CBukowski the Skirmisher (level 3, -1/33 HPs)
             Began as a Minotaur Fighter on Nov 11, 2019.
             Succumbed to a worker ant's poison
             ... on level 2 of the Dungeon.
             The game lasted 00:05:50 (1282 turns).

CBukowski the Skirmisher (Minotaur Fighter)         Turns: 1282, Time: 00:05:51

Health: -1/33      AC:  8    Str: 21    XL:     3   Next: 66%
Magic:  2/2        EV: 12    Int:  5    God:
Gold:   47         SH: 11    Dex: 14    Spells: 2/2 levels left

rFire    . . .     SeeInvis .   a - +0 war axe
rCold    . . .     Gourm    .   c - +1 shield
rNeg     . . .     Faith    .   b - +0 scale mail
rPois    .         Spirit   .   (helmet restricted)
rElec    .         Reflect  .   (no cloak)
rCorr    .         Harm     .   p - +0 pair of gloves
MR       .....                  (no boots)
Stlth    +.........             (no amulet)
HPRegen  0.11/turn              (no ring)
MPRegen  0.08/turn              (no ring)

@: agile, lethally poisoned (-1 -> -24), flying
A: retaliatory headbutt, horns 2
a: no special abilities


You were on level 2 of the Dungeon.
You were not hungry.

You visited 1 branch of the dungeon, and saw 2 of its levels.

You collected 47 gold pieces.

Inventory:

Hand Weapons
 a - a +0 war axe (weapon)
 n - a +2 short sword of electrocution
Armour
 b - a +0 scale mail (worn)
 c - a +1 shield (worn)
 p - a +0 pair of gloves (worn)
Jewellery
 j - an uncursed ring of wizardry
Wands
 q - a wand of paralysis (12)
Scrolls
 e - 2 scrolls of amnesia
 g - a scroll of identify
 k - 4 scrolls of remove curse {unknown}
 l - a scroll of fear {unknown}
Potions
 d - a potion of might
 h - a potion of cancellation {unknown}
 i - a potion of agility
 o - a potion of mutation {unknown}
Comestibles
 f - 4 rations
 r - a chunk of flesh


   Skills:
 + Level 4.3 Fighting
 + Level 3.2 Axes
 + Level 4.2 Armour
 + Level 0.3 Dodging
 + Level 4.1 Shields


You had 2 spell levels left.
You didn't know any spells.
Your spell library was empty.

Dungeon Overview and Level Annotations

Branches:
Dungeon (2/15)

Altars:
Fedhas
Sif Muna
Trog
Uskayaw
Wu Jian


Innate Abilities, Weirdness & Mutations

You reflexively headbutt those who attack you in melee.
You have a pair of horns on your head.


Message History

You hit the worker ant. You barely miss the kobold.
* * * LOW HITPOINT WARNING * * *
You feel sick. The worker ant closely misses you.
You block the worker ant's attack. The kobold hits you.
* * * LOW HITPOINT WARNING * * *
You block the worker ant's attack.
The worker ant bites you but does no damage.
The kobold completely misses you.
It was a potion of agility.
You feel agile all of a sudden.
* * * LOW HITPOINT WARNING * * *
You feel sick. The worker ant bites you.
* * * LOW HITPOINT WARNING * * *
You are more poisoned.
The worker ant poisons you! You block the worker ant's attack.
You block the kobold's attack.
It was a potion of flight.
You feel very buoyant.
You fly up into the air.
You die...

#####.########
#............
#.#..#######
#.#.##... .
#.#.#8.# .# #
#.#.#..##.##$$#
#...#...K...(_#
##..©#.a@....$.#
#....#.a.....)_#
#.##.#.(##.##%$#
#.##.#8.# .# #
#.##.##... .
#.##..#######
#.###.........
#.# ###########
#.#


You could see 2 worker ants and a kobold.

Vanquished Creatures
  An adder (D:2)
  2 oozes
  A worm (D:2)
  A dart slug (D:1)
  2 leopard geckos (D:1)
  6 bats
  A giant cockroach (D:1)
  5 goblins
  4 hobgoblins
  A quokka (D:2)
  A frilled lizard (D:1)
  3 kobolds
  A rat (D:1)
29 creatures vanquished.

Notes
Turn   | Place    | Note
-------+----------+-------------------------------------------
     0 | D:1      | CBukowski the Minotaur Fighter began the quest for the Orb.
     0 | D:1      | Reached XP level 1. HP: 19/19 MP: 0/0
   290 | D:1      | Reached XP level 2. HP: 27/27 MP: 1/1
   665 | D:1      | Reached XP level 3. HP: 7/33 MP: 2/2
   905 | D:2      | Found a hide-covered altar of Uskayaw.
  1108 | D:2      | Found a blossoming altar of Fedhas.
  1165 | D:2      | Found a shimmering blue altar of Sif Muna.
  1268 | D:2      | Found a transporter.
  1274 | D:2      | Found an ornate altar of the Wu Jian Council.
  1274 | D:2      | Found a bloodstained altar of Trog.
  1281 | D:2      | HP: 1/33 [worker ant (3)]
  1282 | D:2      | Succumbed to a worker ant's poison

Levels and vault maps discovered:
D:1:      kilobyte_arrival_exit_the_forest, layout_basic
D:2:      layout_loops_ring, eat_drink_and_be_merry_uskayaw, led_sif_pool,
          gammafunk_temple_overflow_arena, fedhas_ov_isle_minmay

Skill      XL: |  1  2  3 |
---------------+----------+-----
Fighting       | 4 |  4.3
Armour         | 4 |  4.2
Axes           | 3 |  3.2
Shields        | 4 |  4.1
Dodging        | |  0.3

Action                   || total
-------------------------++-------
Melee: War axe           ||    78
       Headbutt          ||    12
  Use: Scroll            ||     3
       Potion            ||     2
  Eat: Chunk             ||     1
Armor: Scale mail        ||    28
Dodge: Dodged            ||    28
Block: Shield            ||    63
